[Event "Late-Titled-Tuesday-Blitz-March-12-2024"]
[Site "Chess.com"]
[Date "2024.03.12"]
[Round "2"]
[White "Kavyev_Ruslan"]
[Black "Rinqed222"]
[Result "1/2-1/2"]
[WhiteElo "2530"]
[BlackElo "2320"]
[TimeControl "180+1"]
[EndTime "14:19:04 PDT"]
[Termination "Game drawn by repetition"]

1. d4 Nf6 2. Nf3 g6 3. c4 Bg7 4. g3 O-O 5. Bg2 d6 6. O-O c5 7.
dxc5 dxc5 8. Ne5 Qd4 9. Qxd4 cxd4 10. Rd1 Nfd7 11. Nxd7 Nxd7 12. Na3 a6 13. Nc2 e5 14. e3 d3 15. Rxd3 e4 16. Rd1 Nc5 17. Rb1 Bg4 18. Rd5 Rad8 19. b4 Rxd5 20. cxd5 Na4 21. Nd4 Nc3 22.
Rb3 Bxd4 23. exd4 Ne2+ 24. Kf1 Nxc1 25. Rc3 Nxa2 26. Rc7 Nxb4 27. Bxe4 Nxd5 28. Bxd5 Be6 29. Bxe6 fxe6 30. Rxb7 Rf7 31. Rb8+ Kg7 32. Ra8 Rd7 33. Rxa6 Rxd4 34. Rxe6 Kf7 35. Re2 h5 36. Kg2 g5 37.
h3 Kg6 38. Ra2 Rb4 39. Ra6+ Kf5 40. Ra5+ Kg6 41. Kh2 Rb2 42. Kg1 Rb1+ 43. Kg2 Rb2 44. Ra6+ Kf5 45. Ra8 Rc2 46. Rf8+ Kg6 47. Rf3 Rc5 48.
Re3 Rc2 49. Kf3 g4+ 50. hxg4 hxg4+ 51. Kg2 Kg5 52. Re4 Kf5 53. Rf4+ Kg5 54. Kf1 Rc1+ 55.
Ke2 Rc2+ 56. Ke3 Rc3+ 57. Kd2 Ra3 58. Rb4 Rf3 59. Ke2 Ra3 60. Re4 Ra2+ 61. Kf1 Ra1+ 62.
Re1 Ra2 63. Rd1 Rb2 64. Ke1 Ra2 65. Rd2 Ra1+ 66. Ke2 Ra3 67. Rd3 Ra2+ 68. Ke3 Kf5 69. Rd5+ Kf6 70. Rc5 Rb2 71. Rc8 Kf5 72. Rf8+ Kg5 73.
Rg8+ Kf5 74. Ra8 Rc2 75. Ra5+ Kf6 76. Ra4 Kf5 77. Rf4+ Kg5 78. Rd4 Rb2 79. Rd3 Ra2 80.
Rb3 Rc2 81. Rb5+ Kf6 82. f4 gxf3 83. Kxf3 Rc4 84. Rb6+ Kf5 85. g4+ Kg5 86. Rb5+ Kf6 87. Kg3 Ra4 88. Kh4 Ra1 89. Rb6+ Kg7 90. Kg5 Ra5+ 91.
Kh4 Ra1 92. Rb7+ Kg6 93. Rb6+ Kg7 1/2-1/2

[Event "Late-Titled-Tuesday-Blitz-March-12-2024"]
[Site "Chess.com"]
[Date "2024.03.12"]
[Round "2"]
[White "Iljiushenok_Ilya"]
[Black "kylelancman"]
[Result "1/2-1/2"]
[WhiteElo "2782"]
[BlackElo "2494"]
[TimeControl "180+1"]
[EndTime "14:19:18 PDT"]
[Termination "Game drawn - insufficient material"]

1. e4 c5 2. c3 Nf6 3. e5 Nd5 4. Nf3 g6 5. d4 cxd4 6. cxd4 Bg7 7. Bc4 Nb6 8. Bb3 O-O 9. O-O d6 10. h3 Nc6 11. Qe2 Bf5 12. Nc3 dxe5 13. dxe5 Bd3 14.
Qe3 Bxf1 15. Kxf1 e6 16. Bd2 Ne7 17. Ne4 Ned5 18. Qe2 Rc8 19. Bg5 Qd7 20. Rd1 Qc6 21. Nd4 Qc7 22. Nd6 Rb8 23. N4b5 Qd7 24. Kg1 h6 25. Bc1 Rbd8 26. f4 a6 27. Nd4 Na4 28. Nf3 Nc5 29. Bxd5 exd5 30. Rxd5 Qc6 31. Qc4 Ne6 32.
Qxc6 bxc6 33. Ra5 Ra8 34. Be3 Rfb8 35. b3 Bf8 36. Ne4 Bb4 37. Ra4 a5 38. Kf2 Kg7 39. g4 Nc7 40. f5 Nd5 41. Nd4 Nxe3 42. Kxe3 Rc8 43. f6+ Kg8 44. a3 Bf8 45. e6 fxe6 46.
Nxe6 Re8 47. Nc7 Rxe4+ 48. Rxe4 Rc8 49. Ne6 Bxa3 50. h4 Kf7 51. g5 hxg5 52. hxg5 Bd6 53. Nd4 Bc5 54. Kd3 Bxd4 55. Re7+ Kf8 56. Kxd4 Rb8 57.
Kc3 Rb5 58. Rc7 Rxg5 59. Rxc6 Rf5 60. Ra6 Kf7 61. Kd4 Rb5 62. Ke4 Rxb3 63. Rxa5 Rb6 64. Kf4 Rxf6+ 65. Kg4 Re6 66. Ra7+ Kf6 67. Ra1 Re4+ 68.
Kf3 Rb4 69. Kg3 g5 70. Ra8 Kf5 71. Rf8+ Kg6 72. Rg8+ Kf5 73. Rf8+ Kg6 74. Rg8+ Kf6 75. Rf8+ Kg7 76. Rc8 Rb6 77. Kg4 Rb5 78. Kh5 Rd5 79. Rc6 Re5 80. Rd6 Rb5 81. Ra6 Re5 82. Rc6 Rb5 83.
Rg6+ Kf7 84. Rxg5 Rxg5+ 85. Kxg5 1/2-1/2

[Event "Late-Titled-Tuesday-Blitz-March-12-2024"]
[Site "Chess.com"]
[Date "2024.03.12"]
[Round "2"]
[White "NMJeevanK"]
[Black "Rikikits"]
[Result "1-0"]
[WhiteElo "2613"]
[BlackElo "2855"]
[TimeControl "180+1"]
[EndTime "14:19:20 PDT"]
[Termination "NMJeevanK won by checkmate"]

1. e4 c6 2. d4 d5 3. exd5 cxd5 4. Bd3 Nc6 5. c3 g6 6. Bf4 Bf5 7. Be2 h5 8. Nf3 e6 9. O-O Bd6 10. Qd2 Qc7 11. Bxd6 Qxd6 12. Na3 Nge7 13. c4 a6 14. cxd5 exd5 15. Rfe1 O-O 16. Qh6 Qf6 17. Rad1 Rfe8 18. Qf4 Nc8 19. Bd3 Nd6 20. Ne5 Kg7 21. Bxf5 Nxf5 22.
Nxc6 bxc6 23. Nc2 Nd6 24. Qxf6+ Kxf6 25. Ne3 a5 26. Rc1 Ra6 27. Rc5 Rb8 28. b3 a4 29.
bxa4 Ne4 30. Rc2 Kg7 31. f3 Nd6 32. Rec1 Rbb6 33. a5 Rxa5 34. Rxc6 Rxc6 35. Rxc6 Nc4 36. Nxd5 Nb2 37. Nc3 Na4 38. Ne4 Nb2 39. Rc7 Rxa2 40. Nd6 Kf6 41. Nxf7 Nd3 42. h3 Nf4 43. Ne5 Rxg2+ 44.
Kf1 Ke6 45. Rf7 Rg3 46. Rxf4 Rxh3 47. Ke2 g5 48. Rf8 g4 49. fxg4 hxg4 50. Nxg4 Rh4 51. Kf3 Rh3+ 52. Kf4 Rh1 53. Rd8 Rf1+ 54. Ke4 Re1+ 55.
Ne3 Ke7 56. Rd5 Ke6 57. Re5+ Kd6 58. Rb5 Rh1 59. Rb6+ Kc7 60. Rg6 Kd7 61. Ke5 Rh5+ 62.
Nf5 Rh1 63. Rg7+ Kc6 64. d5+ Kc5 65. Rc7+ Kb6 66. Rc2 Re1+ 67. Kd6 Kb5 68. Nd4+ Kb4 69. Ne6 Kb5 70. Rc6 Rd1 71. Rc8 Kb6 72. Rb8+ Ka7 73. Rb2 Ka6 74. Nc5+ Ka5 75. Ra2+ Kb5 76. Rb2+ Ka5 77.
Ne6 Ka6 78. Kc6 Rc1+ 79. Nc5+ Ka7 80. d6 Rh1 81. Kc7 Rh7+ 82. Nd7 Ka6 83. Ra2+ Kb5 84.
Rc2 Rh8 85. Ne5 Rh7+ 86. d7 Ka6 87. Rf2 Rh8 88. d8=Q Rh7+ 89. Qd7 Rh6 90. Ra2# 1-0

[Event "Late-Titled-Tuesday-Blitz-March-12-2024"]
[Site "Chess.com"]
[Date "2024.03.12"]
[Round "2"]
[White "Durarbayli"]
[Black "Casablanca"]
[Result "1-0"]
[WhiteElo "2996"]
[BlackElo "2540"]
[TimeControl "180+1"]
[EndTime "14:19:21 PDT"]
[Termination "Durarbayli won on time"]

1. e4 c5 2. Nf3 d6 3. d4 cxd4 4.
Nxd4 Nf6 5. Nc3 g6 6. Be3 Bg7 7. f3 O-O 8. Qd2 Nc6 9. O-O-O d5 10. exd5 Nxd5 11. Nxc6 bxc6 12. Bd4 Bxd4 13. Qxd4 Qb6 14.
Na4 Qc7 15. Bc4 Rd8 16. g3 Bf5 17. Bb3 Nb6 18. Qc5 Rd6 19. Nc3 Rad8 20. Rde1 Qd7 21.
g4 Be6 22. Ne4 Bxb3 23. Qxd6 exd6 24. Nf6+ Kg7 25. Nxd7 Nxd7 26. axb3 Ne5 27. Re3 g5 28. Rd1 f6 29. Rd4 Rd7 30. h3 Kf7 31. f4 Ng6 32.
fxg5 fxg5 33. b4 d5 34. Kd1 h6 35. c4 Nf4 36. Ra3 Rb7 37. cxd5 cxd5 38. Ra6 Kg7 39. h4 Ng2 40. hxg5 hxg5 41. Kd2 Nf4 42. Rc6 Kf7 43. Rh6 Kg7 44. Rc6 Kf7 45. Kd1 Ng2 46. Ke2 Nf4+ 47. Kf3 Rd7 48. Rh6 Kg7 49. Ra6 Rb7 50.
b5 Kf8 51. b6 axb6 52. Rb4 b5 53. Ra5 Rh7 54. Rbxb5 Rh3+ 55. Kf2 d4 56. Rxg5 Ke7 57.
Rge5+ Kd6 58. Rf5 Nd3+ 59. Kg2 Re3 60. Rad5+ Ke6 61. Rxd4 Nxb2 62. Kf2 Rb3 63. Rf3 Rb8 64. Re3+ Kf6 65. Kg3 Rb5 66. Rf4+ Kg6 67. Re6+ Kg7 68.
Re3 Nd1 69. Rd3 Nb2 70. Rd7+ Kg6 71. Rd6+ Kg7 72. Rfd4 Rb3+ 73. Kh4 Rb5 74. Rd7+ Kf6 75. R4d5 Rb4 76. R5d6+ Ke5 77. Rc6 Nc4 78. Kh5 Ne3 79.
Re7+ Kf4 80. Rxe3 Kxe3 81. g5 Rb1 82. Rf6 Ke4 83. g6 Rg1 84. Kh6 Ke5 85. Rf2 Ke6 86. g7 Rh1+ 87. Kg6 Rg1+ 88. Kh7 Rh1+ 89. Kg8 Ke7 90.
Rf4 Rg1 91. Re4+ Kd7 92. Kf7 Rf1+ 93. Kg6 Rg1+ 94. Kf6 Rf1+ 95. Kg5 Rg1+ 96. Rg4 1-0

[Event "Late-Titled-Tuesday-Blitz-March-12-2024"]
[Site "Chess.com"]
[Date "2024.03.12"]
[Round "2"]
[White "Msb2"]
[Black "CaspiIsrael"]
[Result "1-0"]
[WhiteElo "3023"]
[BlackElo "2684"]
[TimeControl "180+1"]
[EndTime "14:19:36 PDT"]
[Termination "Msb2 won by checkmate"]

1. d4 Nf6 2. c4 e6 3. Nc3 Bb4 4. e3 O-O 5. Bd2 c5 6. a3 Bxc3 7. Bxc3 Ne4 8. Ne2 b6 9. d5 Ba6 10. Qd3 exd5 11. Qxd5 Qe7 12. b3 Nxc3 13. Nxc3 Nc6 14.
Be2 Bb7 15. Qd1 Ne5 16. O-O f5 17. Nd5 Qf7 18. Nf4 g5 19. Bh5 Qg7 20. Nd5 g4 21. f4 Nc6 22. h3 gxh3 23. Qf3 Qxg2+ 24. Qxg2+ hxg2 25. Kxg2 Kh8 26. Bf3 Na5 27. Rab1 Rf7 28. Kf2 Rg8 29. Rh1 Kg7 30. Bh5 Bxd5 31. cxd5 Rf6 32.
Bf3 h6 33. b4 Nb7 34. d6 Nxd6 35. bxc5 bxc5 36. Bd5 Rc8 37. Rbc1 c4 38. Kf3 Kh7 39. Rhd1 Rc5 40. a4 Kg7 41. Rd4 c3 42. Rd3 Rf8 43.
Rcxc3 Rxc3 44. Rxc3 Rc8 45. Rd3 Kf6 46. Rd1 Rc3 47. Rh1 Kg7 48. Rg1+ Kf6 49. Rh1 Kg7 50. Rg1+ Kf6 51. Rd1 Ra3 52. Bc6 Ke7 53. Bb5 Nxb5 54. axb5 Rb3 55. Ra1 Rxb5 56. Rxa7 Rb6 57. Ra8 Rf6 58.
Rh8 Ke6 59. Rh7 d6 60. Rg7 Kd5 61. Rh7 Kc4 62. Ke2 d5 63. Rc7+ Kb4 64. Kd3 Re6 65. Rf7 Kc5 66. Rxf5 Kd6 67. Rh5 Kc6 68. Rh1 Kd6 69.
Rh2 Rg6 70. Ra2 Ke6 71. Kd4 Kf5 72. Kxd5 h5 73. Rf2 h4 74. e4+ Kg4 75. Rg2+ Kh5 76. Rh2 Kg4 77. f5 Rg5 78. Rg2+ Kf4 79. Ra2 h3 80.
Rb2 Rg2 81. Rb3 h2 82. Rh3 Rd2+ 83. Ke6 Kxe4 84. f6 Kf4 85. f7 Re2+ 86. Kf6 Rf2 87. Rxh2 Rxh2 88. f8=Q Kg3 89. Qg7+ Kf2 90. Qa7+ Kg2 91.
Kf5 Rh3 92. Qb7+ Rf3+ 93. Kg4 Kh2 94. Qxf3 Kg1 95. Qe2 Kh1 96. Kg3 Kg1 97. Qg2# 1-0

[Event "Late-Titled-Tuesday-Blitz-March-12-2024"]
[Site "Chess.com"]
[Date "2024.03.12"]
[Round "2"]
[White "MyDream003"]
[Black "waltereador"]
[Result "1-0"]
[WhiteElo "2759"]
[BlackElo "2330"]
[TimeControl "180+1"]
[EndTime "14:19:36 PDT"]
[Termination "MyDream003 won by checkmate"]

1. Nf3 Nf6 2. b3 d5 3. Bb2 c5 4. g3 Nc6 5. Bg2 e6 6. O-O Be7 7. e3 O-O 8. d4 cxd4 9. Nxd4 Bd7 10. Nd2 Nxd4 11. Bxd4 b6 12. c4 Rc8 13. a4 Bc5 14. Bxc5 Rxc5 15. cxd5 Nxd5 16. Nc4 Bc6 17. Rc1 Ba8 18. Qe2 Nf6 19. Rfd1 Qc7 20. Bxa8 Rxa8 21. b4 Rd5 22. e4 Rxd1+ 23. Rxd1 Rd8 24. Rxd8+ Qxd8 25.
e5 Nd5 26. Qd2 Qd7 27. b5 Qc7 28. Nd6 h6 29. h4 Qc5 30. Qd3 Qb4 31. Qf3 f5 32.
Kg2 Qxa4 33. Qh5 Qg4 34. Qxg4 fxg4 35. Nc8 Nc3 36. Nxa7 Kf7 37. f3 h5 38. fxg4 hxg4 39. Kf2 Kg6 40. Nc8 Nxb5 41. Nxb6 Kf5 42. Nd7 Nc3 43.
Kg2 Nd1 44. Kf1 Ne3+ 45. Kf2 Nc4 46. Nc5 Nxe5 47. Nb7 Nc4 48. Nc5 g6 49. Nb3 Ne5 50. Nd4+ Kf6 51. Ke3 Nd7 52. Nc6 e5 53. Ke4 Ke6 54.
Nd8+ Ke7 55. Nc6+ Kd6 56. Nd8 Nf6+ 57. Ke3 Kd5 58. Nf7 Ke6 59. Nh6 Nd5+ 60. Ke4 Nc3+ 61. Ke3 Kf6 62. Nxg4+ Kf5 63. Nf2 g5 64. g4+ Kf6 65.
h5 Nd5+ 66. Kf3 Nf4 67. Ne4+ Kg7 68. Nxg5 Kh6 69. Nf7+ Kg7 70. Nxe5 Ne6 71. Kg3 Kf6 72. Nf3 Ng7 73. Kh4 Ne6 74. g5+ Kf5 75. h6 Kg6 76. Ne5+ Kh7 77. Kh5 Nf4+ 78. Kg4 Ne6 79. Kf5 Nd4+ 80. Kf6 Nb5 81. Ng4 Nd6 82. g6+ Kh8 83. Ne5 Ne4+ 84. Kf5 Nd6+ 85. Ke6 Ne4 86.
Nf7+ Kg8 87. h7+ Kg7 88. h8=Q+ Kxg6 89. Qh6# 1-0

[Event "Late-Titled-Tuesday-Blitz-March-12-2024"]
[Site "Chess.com"]
[Date "2024.03.12"]
[Round "2"]
[White "HanSchut"]
[Black "As0nchess"]
[Result "0-1"]
[WhiteElo "2335"]
[BlackElo "2555"]
[TimeControl "180+1"]
[EndTime "14:19:38 PDT"]
[Termination "As0nchess won on time"]

1. e4 d5 2. exd5 Qxd5 3. Nc3 Qa5 4. d4 Nf6 5. Bd2 Bg4 6. f3 Bd7 7. Bc4 e6 8. Nd5 Qa4 9. b3 Qc6 10. Nxf6+ gxf6 11. Qe2 Be7 12. d5 exd5 13. Bb4 Qe6 14. Bxe7 Kxe7 15. Bxd5 Qxe2+ 16. Nxe2 Bc6 17. Nf4 Nd7 18.
O-O-O Ne5 19. Rhe1 Kf8 20. Nh5 Rd8 21. Bxc6 Nxc6 22. Nxf6 Kg7 23. Nh5+ Kh6 24. g4 Kg5 25. Ng3 Kf4 26. Rf1 Rxd1+ 27. Kxd1 Rd8+ 28. Kc1 Nd4 29. Nh5+ Ke3 30. c3 Nxf3 31. h3 Rd3 32. Kc2 Rd2+ 33. Kb1 Ke2 34. Rc1 Ne5 35. Ng3+ Kf3 36. Nf5 Nd3 37.
Rf1+ Kg2 38. Ne3+ Kg3 39. Rxf7 Rb2+ 40. Ka1 Re2 41. Nf5+ Kxh3 42. Kb1 Kxg4 43. Nd4 Rb2+ 44. Ka1 Rh2 45. Kb1 c5 46. Ne6 b6 47. a4 h5 48. b4 cxb4 49. cxb4 h4 50. a5 bxa5 51. bxa5 a6 52. Nc7 Nc5 53. Rg7+ Kf5 54. Nd5 Ne4 55. Ne3+ Kf4 56. Nd5+ Ke5 57. Nc7 Nc3+ 58. Kc1 Na2+ 59. Kd1 Nc3+ 60. Ke1 Ra2 61. Nxa6 Rxa5 62. Nc7 Ra7 63.
Re7+ Kf5 64. Nd5 Ra1+ 65. Kd2 Nxd5 66. Rh7 Nf6 67. Rxh4 Ra2+ 68. Kc3 Ra3+ 69. Kb2 Rf3 70. Rh2 Ne4 71. Rh5+ Kf4 72. Rh8 Ke3 73. Re8 Rf5 74. Kb3 Rc5 75. Kb4 Rc7 76. Kb5 Kd4 77. Kb6 Rc1 78.
Rd8+ Ke5 79. Re8+ Kd5 80. Rd8+ Nd6 81. Ka5 Rb1 82. Ka4 Kc5 83. Ka3 Rb7 84. Ka2 Nf5 85. Rc8+ Kd4 86. Rc1 Ne3 87. Ka3 Nc4+ 88. Ka4 Kc5 0-1

[Event "Late-Titled-Tuesday-Blitz-March-12-2024"]
[Site "Chess.com"]
[Date "2024.03.12"]
[Round "2"]
[White "blank0923"]
[Black "KorolDimitriy75"]
[Result "1/2-1/2"]
[WhiteElo "2614"]
[BlackElo "2425"]
[TimeControl "180+1"]
[EndTime "14:19:42 PDT"]
[Termination "Game drawn by 50-move rule"]

1. Nf3 c5 2. g3 g6 3. Bg2 Bg7 4. O-O Nc6 5. c4 Nh6 6. Nc3 Nf5 7. Rb1 h5 8. h3 a6 9. a3 Rb8 10. b4 cxb4 11. axb4 b5 12. c5 a5 13. bxa5 Qxa5 14.
Qb3 b4 15. Ne4 Ncd4 16. Nxd4 Nxd4 17. Qe3 O-O 18. Bb2 e5 19. Bxd4 exd4 20. Qf4 Bb7 21.
Rfc1 Bxe4 22. Bxe4 b3 23. Qd6 Qxd2 24. Bd3 Rfd8 25.
Bc4 b2 26. Rd1 Qg5 27. h4 Qf5 28. Bd3 Qe5 29. Rd2 Rdc8 30. Rdxb2 Rxb2 31. Rxb2 Qxc5 32. Qxc5 Rxc5 33. Rb7 d5 34. Kg2 Bf6 35. Rd7 Kg7 36. Kf3 Ra5 37. Rc7 Kf8 38. Rb7 Rc5 39. Kg2 Kg7 40.
Kh3 Kf8 41. g4 hxg4+ 42. Kxg4 Kg7 43. h5 gxh5+ 44. Kxh5 Ra5 45. Kg4 Rc5 46. Kf5 Ra5 47.
Rd7 Rc5 48. Rd6 Be7 49. Ra6 Rc7 50. Ke5 Rd7 51. Kxd4 Bf6+ 52. Ke3 d4+ 53. Ke4 Re7+ 54. Kf5 Re5+ 55. Kf4 Rc5 56. Ra7 Bg5+ 57. Kg4 Bf6 58. Rd7 Rg5+ 59. Kf4 Rc5 60. Ke4 Rc8 61. Rb7 Re8+ 62.
Kf3 Rc8 63. Kg2 Rc5 64. Kf3 Rc8 65. Be4 Rc5 66. Bb1 Rc3+ 67. Ke4 Ra3 68. Bd3 Ra5 69. Bc4 Re5+ 70. Kd3 Re7 71. Rb6 Rd7 72. Rb5 Rd8 73. Bd5 Rd7 74. Be4 Re7 75. Bd5 Rc7 76. Ra5 Rc3+ 77.
Ke4 Rc7 78. Ra4 Re7+ 79. Kf3 Rc7 80. Be4 Rd7 81. Bd3 Rc7 82. Ra6 Re7 83. Kf4 Rc7 84. Ra5 Re7 85. Kg3 Rc7 86. Rd5 Re7 87. Kg2 Rc7 88.
Rb5 Re7 89. Rc5 Rd7 90. Rc6 Re7 91. Bc4 Rd7 92. Kf3 Re7 93. Rc8 Rd7 94. Ke4 Re7+ 95.
Kd3 Rd7 96. Rc5 Re7 97. Rf5 Ra7 98. Ke4 Re7+ 99. Kf3 Rc7 100. Bd5 Re7 101. Be4 Re5 102. Rf4 Rg5 1/2-1/2

[Event "Late-Titled-Tuesday-Blitz-March-12-2024"]
[Site "Chess.com"]
[Date "2024.03.12"]
[Round "3"]
[White "EsmeraldasAnderson03"]
[Black "simaopdias"]
[Result "1-0"]
[WhiteElo "2576"]
[BlackElo "2261"]
[TimeControl "180+1"]
[EndTime "14:21:11 PDT"]
[Termination "EsmeraldasAnderson03 won by resignation"]

1. d4 Nf6 2. c4 e5 3. dxe5 Ng4 4.
Nf3 Nc6 5. e3 Ncxe5 6. Be2 Nxf3+ 7. Bxf3 Ne5 8. Be2 Bb4+ 9. Nd2 O-O 10. O-O Bxd2 11. Bxd2 d6 12. Bc3 Be6 13. b3 Nd7 14. Qd4 Nf6 15. Rfd1 Re8 16. Bf3 Rb8 17. Qxa7 Bg4 18.
Bxf6 Qxf6 19. Bxg4 1-0

[Event "Late-Titled-Tuesday-Blitz-March-12-2024"]
[Site "Chess.com"]
[Date "2024.03.12"]
[Round "3"]
[White "DraningWaterHi"]
[Black "SpeedofLight0"]
[Result "0-1"]
[WhiteElo "2240"]
[BlackElo "3080"]
[TimeControl "180+1"]
[EndTime "14:21:22 PDT"]
[Termination "SpeedofLight0 won by resignation"]

1. e4 Nc6 2. d4 d6 3. Nf3 Nf6 4. Nbd2 g6 5. c3 Bg7 6. Bd3 O-O 7. O-O e5 8. a3 Nh5 9. Nb3 Bg4 10. d5 Ne7 11. h3 Bd7 12. Bg5 h6 13. Be3 f5 14.
Bd2 f4 15. c4 Qe8 16. Nfd4 exd4 0-1

[Event "Late-Titled-Tuesday-Blitz-March-12-2024"]
[Site "Chess.com"]
[Date "2024.03.12"]
[Round "3"]
[White "cristiano78"]
[Black "Sinquefield"]
[Result "0-1"]
[WhiteElo "2284"]
[BlackElo "2534"]
[TimeControl "180+1"]
[EndTime "14:21:36 PDT"]
[Termination "Sinquefield won by resignation"]

1. d4 d6 2. c4 Nf6 3. Nc3 Nbd7 4.
Nf3 e5 5. dxe5 dxe5 6. e4 c6 7. Bg5 Be7 8. Be2 O-O 9. O-O Qc7 10. Qc2 Nc5 11. Rfd1 Ne6 12. Bxf6 Bxf6 13. b3 Nd4 14. Nxd4 exd4 15. Na4 d3 16. Qxd3 Bxa1 17. Rxa1 Be6 18. Nc5 Qe5 0-1

[Event "Late-Titled-Tuesday-Blitz-March-12-2024"]
[Site "Chess.com"]
[Date "2024.03.12"]
[Round "3"]
[White "WhiteKnight2612"]
[Black "rdarruda"]
[Result "1-0"]
[WhiteElo "2850"]
[BlackElo "2549"]
[TimeControl "180+1"]
[EndTime "14:21:50 PDT"]
[Termination "WhiteKnight2612 won by resignation"]

1. e4 c5 2. Nf3 Nc6 3. d4 cxd4 4. Nxd4 e5 5. Nb5 a6 6. Nd6+ Bxd6 7. Qxd6 Qe7 8. Qd1 Nf6 9. Nc3 d6 10. Bg5 Be6 11.
Be2 O-O 12. O-O Rfd8 13. f4 h6 14. Bxf6 Qxf6 15. f5 Bc8 16. Nd5 Qg5 17. Rf3 Nd4 18. Rg3 Qh4 19. Rg4 1-0

[Event "Late-Titled-Tuesday-Blitz-March-12-2024"]
[Site "Chess.com"]
[Date "2024.03.12"]
[Round "3"]
[White "stasOR4ik"]
[Black "campochess"]
[Result "1-0"]
[WhiteElo "2427"]
[BlackElo "2196"]
[TimeControl "180+1"]
[EndTime "14:22:19 PDT"]
[Termination "stasOR4ik won by resignation"]

1. e4 c5 2. c3 Nf6 3. e5 Nd5 4.
Nf3 d6 5. Bb5+ Nc6 6. O-O e6 7. d4 cxd4 8. Qxd4 Be7 9. exd6 Qxd6 10. Qxg7 Bf6 11. Qg3 Qc5 12. c4 Ne7 13. Be3 Qh5 14. Nc3 Bd7 15. Ne4 Be5 16. Nxe5 Nxe5 17. Nf6+ 1-0

[Event "Late-Titled-Tuesday-Blitz-March-12-2024"]
[Site "Chess.com"]
[Date "2024.03.12"]
[Round "3"]
[White "NovakRatko"]
[Black "2L8IWUN"]
[Result "1-0"]
[WhiteElo "2410"]
[BlackElo "2163"]
[TimeControl "180+1"]
[EndTime "14:23:09 PDT"]
[Termination "NovakRatko won by resignation"]

1. d4 Nf6 2. c4 e6 3. a3 c5 4. d5 exd5 5. cxd5 d6 6. Nc3 g6 7. e4 Bg7 8. Bg5 O-O 9. f3 a6 10. Bd3 b5 11. Qd2 Nbd7 12. b4 c4 13. Bc2 Re8 14.
Nge2 Qb6 15. Be3 Qc7 16. O-O Ne5 17. h3 Bd7 18. f4 Nd3 19. Bxd3 cxd3 20. Qxd3 Nxe4 21.
Nxe4 Bxa1 22. Rxa1 Bf5 23. Nf6+ Kf8 24. Qd4 Rxe3 25. Qxe3 h5 26. Nd4 1-0

[Event "Late-Titled-Tuesday-Blitz-March-12-2024"]
[Site "Chess.com"]
[Date "2024.03.12"]
[Round "3"]
[White "baki83"]
[Black "FairChess_on_YouTube"]
[Result "0-1"]
[WhiteElo "2839"]
[BlackElo "3114"]
[TimeControl "180+1"]
[EndTime "14:23:21 PDT"]
[Termination "FairChess_on_YouTube won by resignation"]

1. e4 c5 2. Nf3 e6 3. d4 cxd4 4. Nxd4 Nc6 5. Nc3 Nf6 6. Nxc6 bxc6 7. e5 Nd5 8. Ne4 Rb8 9. Bd3 Qc7 10. f4 Nb4 11. O-O c5 12. Bc4 Bb7 13. Qe2 Be7 14.
c3 Nd5 15. Kh1 O-O 16. Bd3 f5 17. exf6 Nxf6 18. Ng5 Bd6 19. c4 Qc6 20. Bd2 h6 21. Rae1 hxg5 22. fxg5 Ne4 0-1

[Event "Late-Titled-Tuesday-Blitz-March-12-2024"]
[Site "Chess.com"]
[Date "2024.03.12"]
[Round "3"]
[White "Vladimir_Zakhartsov"]
[Black "RandomNoob04"]
[Result "1-0"]
[WhiteElo "2915"]
[BlackElo "2622"]
[TimeControl "180+1"]
[EndTime "14:23:37 PDT"]
[Termination "Vladimir_Zakhartsov won by checkmate"]

1. d4 Nf6 2. c4 c5 3. d5 b5 4. cxb5 a6 5. e3 axb5 6. Bxb5 Qa5+ 7. Nc3 Bb7 8. Bd2 Qb6 9. a4 Nxd5 10. Nf3 e6 11.
O-O Nf6 12. Re1 Be7 13. e4 O-O 14. Bg5 d6 15. e5 dxe5 16. Nxe5 h6 17. Bf4 Rd8 18.
Qe2 Nd5 19. Bg3 Nxc3 20. bxc3 Nc6 21. Nxf7 Kxf7 22. Qxe6+ Kf8 23. Bc4 Ke8 24. Qf7+ Kd7 25. Be6# 1-0

[Event "Late-Titled-Tuesday-Blitz-March-12-2024"]
[Site "Chess.com"]
[Date "2024.03.12"]
[Round "3"]
[White "Casablanca"]
[Black "Zampronha1971"]
[Result "1-0"]
[WhiteElo "2544"]
[BlackElo "2318"]
[TimeControl "180+1"]
[EndTime "14:23:37 PDT"]
[Termination "Casablanca won by resignation"]

1. e4 c5 2. Nf3 e6 3. Nc3 Nc6 4. g3 d5 5. exd5 exd5 6. Bg2 d4 7. Ne2 Nf6 8. O-O Be7 9. d3 O-O 10. a4 Re8 11. h3 h6 12. Re1 Bf5 13. Nd2 Qd7 14.
Kh2 Nd5 15. Nc4 Bf6 16. Nf4 Nxf4 17. Bxf4 Rxe1 18. Qxe1 Re8 19. Qd1 Ne5 20. b3 Nxc4 21. bxc4 a5 22. Rb1 Qxa4 23. Rxb7 Re7 24. Rb8+ Kh7 25.
Qf3 Qxc2 26. Bd6 Re1 27. Qxf5+ 1-0

[Event "Late-Titled-Tuesday-Blitz-March-12-2024"]
[Site "Chess.com"]
[Date "2024.03.12"]
[Round "3"]
[White "Mikasinski"]
[Black "Jahonas"]
[Result "1-0"]
[WhiteElo "2661"]
[BlackElo "2319"]
[TimeControl "180+1"]
[EndTime "14:23:39 PDT"]
[Termination "Mikasinski won by resignation"]

1. e4 c6 2. d4 d5 3. e5 Bf5 4. h4 h5 5. Bg5 Qb6 6. Bd3 Bxd3 7.
Qxd3 e6 8. Nd2 c5 9. c4 Nc6 10. Ngf3 cxd4 11. O-O Bc5 12. a3 dxc4 13. Nxc4 Qa6 14.
b4 Be7 15. b5 1-0

[Event "Late-Titled-Tuesday-Blitz-March-12-2024"]
[Site "Chess.com"]
[Date "2024.03.12"]
[Round "3"]
[White "Er_is_geen_hoop_meer"]
[Black "AlexPapasimakopoulos"]
[Result "1-0"]
[WhiteElo "2533"]
[BlackElo "2687"]
[TimeControl "180+1"]
[EndTime "14:23:40 PDT"]
[Termination "Er_is_geen_hoop_meer won by resignation"]

1. b4 c6 2. e3 d5 3. Bb2 Bf5 4. g4 Bg6 5. h4 h5 6. g5 Nd7 7. f4 Be4 8. Rh2 g6 9. Bxh8 f6 10. d3 Bf5 11. e4 dxe4 12. dxe4 Bxe4 13. Bc4 Qb6 14. Kf1 O-O-O 15. Rd2 Qe3 16. Bxg8 Qxf4+ 17. Rf2 Qxh4 18. Be6 Qxg5 19. Nd2 Bd5 20. Bxd5 cxd5 21. Ndf3 Qh6 22. Qxd5 Qxh8 23. Nd4 Ne5 24. Qc5+ Kb8 25.
Ne6 Rc8 26. Qb5 Qg8 27. Nc5 Qd5 28. Na6+ Ka8 29. Qxd5 1-0

[Event "Late-Titled-Tuesday-Blitz-March-12-2024"]
[Site "Chess.com"]
[Date "2024.03.12"]
[Round "3"]
[White "RantomOpening"]
[Black "Eliteplayer3"]
[Result "1-0"]
[WhiteElo "2576"]
[BlackElo "2255"]
[TimeControl "180+1"]
[EndTime "14:23:43 PDT"]
[Termination "RantomOpening won by resignation"]

1. e4 c6 2. d4 d5 3. Nc3 dxe4 4. Nxe4 Nf6 5. Nxf6+ exf6 6. Bd3 Qxd4 7. Nf3 Qd8 8.
O-O Be7 9. c3 O-O 10. Qc2 g6 11. Bh6 Re8 12. Rad1 Qc7 13. Rfe1 Be6 14. Rxe6 fxe6 15.
Bxg6 Bf8 16. Bxe8 Bxh6 17. Qe4 Qe7 18. Bh5 Nd7 19. Bg4 Nf8 20. Nd4 Rd8 21. Re1 e5 22.
Nf5 1-0

[Event "Late-Titled-Tuesday-Blitz-March-12-2024"]
[Site "Chess.com"]
[Date "2024.03.12"]
[Round "3"]
[White "JSPrepz"]
[Black "Real_taiatai"]
[Result "1-0"]
[WhiteElo "2823"]
[BlackElo "2547"]
[TimeControl "180+1"]
[EndTime "14:23:48 PDT"]
[Termination "JSPrepz won by resignation"]

1. e4 e5 2. Nf3 Nc6 3. Nc3 Nf6 4.
a3 g6 5. Nxe5 Nxe5 6. d4 Nc6 7.
d5 Ne7 8. e5 Nfxd5 9. Nxd5 Nxd5 10. Qxd5 Bg7 11. Bc4 Qe7 12. O-O O-O 13. Bf4 Kh8 14.
Rfe1 c6 15. Qd3 f6 16. exf6 Qxf6 17. Bd6 Qxf2+ 18. Kh1 Rf5 19. Re8+ Bf8 20. Bxf8 Rxf8 21. Qc3+ 1-0

[Event "Late-Titled-Tuesday-Blitz-March-12-2024"]
[Site "Chess.com"]
[Date "2024.03.12"]
[Round "3"]
[White "aa175"]
[Black "Bugcrusher"]
[Result "1-0"]
[WhiteElo "2727"]
[BlackElo "2530"]
[TimeControl "180+1"]
[EndTime "14:23:57 PDT"]
[Termination "aa175 won by resignation"]

1. d4 d5 2. Bf4 c5 3. Nf3 Nc6 4. e3 Nf6 5. Nbd2 Bg4 6. c3 e6 7. Qa4 Qc8 8. Ne5 a6 9. Bg5 Bh5 10. dxc5 Bxc5 11. Bxf6 gxf6 12. Nxc6 Qxc6 13. Qh4 Bg6 14.
Qxf6 O-O 15. h4 h5 16. g4 Qb6 17. gxh5 Qxb2 18. Rb1 Bxb1 19. h6 Qc1+ 20. Ke2 Bd4 21. exd4 1-0

[Event "Late-Titled-Tuesday-Blitz-March-12-2024"]
[Site "Chess.com"]
[Date "2024.03.12"]
[Round "3"]
[White "Cyrano-Lossi"]
[Black "ploxoi"]
[Result "1-0"]
[WhiteElo "2265"]
[BlackElo "2427"]
[TimeControl "180+1"]
[EndTime "14:23:58 PDT"]
[Termination "Cyrano-Lossi won by resignation"]

1. d4 d5 2. Nc3 Nf6 3. Bf4 Bf5 4. e3 e6 5. f3 c5 6. g4 Bg6 7. h4 h6 8. h5 Bh7 9. Bd3 Bxd3 10. Qxd3 cxd4 11. exd4 Nc6 12. Nge2 Qb6 13. O-O-O Bb4 14.
Nb5 O-O-O 15. Bc7 Qa6 16. a3 Be7 17. Bxd8 Rxd8 18. Kb1 Na5 19. Nec3 Nc4 20. b3 Nxa3+ 21. Nxa3 Qxa3 22. Nb5 Qa5 23. Qc3+ Qxc3 24. Nxc3 Bb4 25. Na2 Ba5 26. c3 Rd6 27. Kc2 Rc6 28. Rhe1 Bc7 29. Nb4 Ra6 30. Nxa6 bxa6 31. Ra1 a5 32. b4 axb4 33.
cxb4 Bb6 34. Kd3 Kb7 35. Rec1 Bc7 36. Rxc7+ Kxc7 37. Rxa7+ Kb6 38. Rxf7 1-0